Map: Rhoskallian LE

Players

qqq - Winner!

  • Race: Zerg Zerg
  • Spawn Location: 12:00

Massa - Winner!

  • Race: Terran Terran
  • League: Platinum
  • Spawn Location: 11:00

Fckling

  • Race: Zerg Zerg
  • League: Diamond
  • Spawn Location: 6:00

Meglomaniac

  • Race: Terran Terran
  • League: Diamond
  • Spawn Location: 5:00

VOD

Have the link to the VOD?

Description

Time

  • Played on: March 25, 2021, 2:33 p.m.
  • Length: 25:20
Show
View Real Time Build Order
Export as new Build Order

qqq Zerg - Winner!

Build Orders: Hatch First, Lurkers 

Get SALT Encoding   

  12  0:00  Drone  
  13  0:15  Drone  
  13  0:18  Overlord  
  14  0:45  Hatchery  
  13  0:50  Drone  
  13  0:52  Drone  
  15  0:58  Drone  
  16  1:20  Extractor, Spawning Pool  
  16  1:22  Drone  
  15  1:27  Drone  
  16  1:40  Drone x2  
  17  2:02  Drone x3  
  17  2:07  Queen  
  22  2:09  Queen  
  24  2:19  Overlord  
  24  2:27  Drone x3  
  27  2:31  Drone  
  28  2:38  Metabolic Boost  
  28  2:41  Drone  
  28  2:43  Drone  
  30  2:53  Zergling x4  
  30  2:55  Overlord  
  32  3:01  Zergling x2, Evolution Chamber  
  32  3:03  Zergling x2  
  33  3:11  Zergling x2  
  34  3:14  Zergling x2  
  35  3:21  Zergling x2, Overlord  
  35  3:23  Zergling x4  
  35  3:24  Zergling x2  
  39  3:27  Zerg Melee Weapons Level 1  
  39  3:30  Zergling x2  
  40  3:35  Zergling x4  
  40  3:37  Zergling x2  
  43  3:45  Zergling x4  
  45  3:52  Roach Warren  
  45  3:55  Drone x2  
  46  3:57  Zergling x2  
  47  4:03  Overlord  
  47  4:06  Zergling x4  
  49  4:25  Drone x2, Zergling x4  
  49  4:26  Drone  
  49  4:30  Extractor  
  53  4:38  Overlord x4  
  37  5:07  Zergling x4  
  37  5:08  Roach x4  
  47  5:18  Drone  
  48  5:26  Roach  
  46  5:39  Roach  
  46  5:40  Roach  
  46  5:51  Roach x3  
  46  5:52  Roach  
  46  5:53  Drone  
  46  5:55  Drone  
  56  5:58  Hatchery  
  56  6:03  Lair  
  55  6:05  Hatchery  
  54  6:19  Roach x2  
  54  6:20  Drone x3  
  54  6:24  Drone x2  
  63  6:26  Drone  
  64  6:35  Roach  
  64  6:36  Roach  
  64  6:37  Roach  
  70  6:40  Zergling x2  
  70  6:42  Zergling x2  
  70  6:44  Drone  
  73  7:05  Roach x2  
  73  7:06  Zergling x12, Roach  
  71  7:17  Zergling x4  
  71  7:18  Roach x3  
  71  7:20  Drone  
  72  7:31  Spore Crawler  
  72  7:32  Hydralisk Den  
  72  7:34  Drone  
  72  7:35  Drone x2, Spore Crawler  
  72  7:38  Spore Crawler  
  71  7:44  Drone x2  
  71  7:45  Drone  
  74  7:56  Drone x4, Baneling Nest  
  77  7:58  Roach  
  77  8:02  Glial Reconstitution  
  79  8:06  Zerg Missile Weapons Level 1  
  79  8:09  Muscular Augments  
  79  8:12  Drone  
  80  8:13  Drone  
  80  8:14  Drone  
  80  8:16  Drone  
  83  8:22  Hydralisk x2  
  87  8:28  Hydralisk  
  87  8:29  Hydralisk  
  92  8:34  Drone x3, Extractor  
  92  8:41  Evolution Chamber  
  92  8:44  Lurker Den  
  91  9:01  Queen  
  93  9:04  Queen  
  95  9:19  Overlord x8  
  95  9:20  Overlord  
  95  9:24  Baneling x6  
  95  9:25  Baneling  
  95  9:28  Zergling x2  
  95  9:29  Overlord  
  95  9:31  Overlord x2  
  96  9:37  Queen  
  86  9:55  Zergling x8  
  86  9:56  Zergling x10, Roach x4  
  86  9:57  Drone x4  
  103  10:07  Overseer  
  103  10:08  Pneumatized Carapace  
  103  10:14  Ravager  
  104  10:21  Drone x3  
  107  10:27  Lurker  
  108  10:29  Drone  
  108  10:30  Drone x6  
  108  10:31  Drone x2  
  108  10:32  Extractor  
  108  10:33  Zergling x4  
  118  10:36  Extractor  
  118  10:37  Extractor  
  106  11:11  Drone x4  
  106  11:12  Drone x2, Zergling x4  
  106  11:13  Zergling x22  
  106  11:18  Zerg Ground Armor Level 1, Zerg Melee Weapons Level 2  
  125  11:26  Drone x2, Zergling x4  
  125  11:27  Infestation Pit  
  126  11:53  Hydralisk x3  
  132  11:54  Zergling x8  
  136  12:09  Extractor  
  136  12:11  Extractor  
  136  12:12  Hydralisk, Hive  
  134  12:25  Lurker x4  
  134  12:26  Hydralisk  
  134  12:27  Zergling x4  
  134  12:28  Drone x2, Zergling x2  
  134  12:29  Drone x7  
  146  12:41  Hydralisk x6, Lurker  
  159  12:49  Hatchery  
  158  12:52  Hatchery  
  150  13:04  Baneling  
  150  13:05  Baneling x6  
  148  13:06  Baneling x9  
  148  13:08  Zergling x20  
  158  13:25  Spore Crawler  
  157  13:45  Drone x4  
  161  13:50  Zerg Ground Armor Level 2, Ultralisk Cavern  
  160  13:58  Zerg Melee Weapons Level 3  
  160  14:00  Grooved Spines, Hydralisk x5  
  160  14:01  Zergling x2  
  160  14:02  Drone x4, Zergling x6  
  178  14:03  Zergling x8  
  178  14:09  Spine Crawler  
  181  14:15  Centrifical Hooks  
  181  14:18  Seismic Spines  
  181  14:24  Drone x3  
  181  14:25  Drone x3  
  187  14:32  Overlord x6  
  187  14:41  Ultralisk  
  187  14:44  Anabolic Synthesis  
  193  14:46  Overlord x6  
  193  14:47  Overlord x5  
  193  14:48  Hydralisk  
  193  14:49  Hydralisk  
  193  14:50  Hydralisk  
  199  14:55  Spine Crawler  
  199  14:57  Spine Crawler  
  199  14:58  Spore Crawler x2  
  195  15:15  Adaptive Talons  
  195  15:17  Spine Crawler x2  
  195  15:20  Spine Crawler  
  192  15:27  Chitinous Plating  
  128  15:45  Ultralisk x5  
  128  15:46  Hydralisk x2  
  128  15:47  Hydralisk  
  144  16:04  Hydralisk x3  
  147  16:15  Spire  
  127  16:22  Ultralisk  
  127  16:23  Hydralisk  
  131  16:27  Drone x5  
  131  16:28  Drone x2  
  131  16:29  Extractor  
  131  16:31  Extractor  
  136  16:57  Hatchery  
  136  17:00  Viper  
  138  17:01  Viper  
  138  17:06  Ultralisk  
  147  17:16  Zergling x4  
  147  17:17  Drone x2, Zergling x8  
  147  17:18  Drone x3, Zergling x4  
  147  17:21  Extractor x2  
  158  17:42  Ultralisk x2  
  158  17:43  Drone, Zergling x8  
  158  17:44  Drone x2, Zergling x4  
  134  18:31  Corruptor x3  
  134  18:32  Corruptor x6  
  152  18:36  Corruptor  
  152  18:37  Corruptor  
  152  18:40  Zergling x4  
  152  18:41  Zergling x4  
  150  18:54  Corruptor x2  
  142  18:58  Spine Crawler  
  142  18:59  Zergling x8  
  142  19:00  Ultralisk  
  142  19:01  Hydralisk x2  
  155  19:06  Hydralisk  
  155  19:08  Zergling x10  
  162  19:10  Baneling x4  
  145  19:32  Hatchery  
  145  19:36  Corruptor, Viper x2  
  144  19:38  Zergling x2  
  144  19:39  Zergling x8  
  138  19:49  Zerg Flyer Weapons Level 1  
  138  19:52  Hydralisk x3, Zergling x6  
  131  20:06  Corruptor x3  
  137  20:09  Hydralisk x2  
  137  20:11  Drone x2, Zergling x4  
  137  20:12  Zergling x4  
  119  20:50  Corruptor x7  
  119  20:52  Zergling x4  
  119  20:53  Zergling x8  
  137  21:03  Ultralisk x2  
  131  21:13  Zergling x6, Ultralisk  
  137  21:22  Ultralisk  
  135  21:36  Ultralisk  
  135  21:37  Zergling x8  
  141  21:43  Drone x3  
  135  21:57  Greater Spire  
  135  22:00  Mutalisk x5  
  137  22:02  Zergling x2  
  137  22:03  Zergling x2  
  135  22:17  Drone x3  
  138  22:24  Hatchery  
  137  22:30  Ultralisk  
  137  22:32  Drone x2  
  137  22:34  Drone  
  146  22:51  Hydralisk x2  
  146  22:52  Hydralisk x3  
  147  23:13  Zergling x4  
  147  23:14  Ultralisk  
  152  23:25  Brood Lord x3  
  146  23:27  Brood Lord  
  146  23:31  Lurker x2  
  146  23:32  Lurker  
  146  23:33  Lurker  
  152  23:36  Lurker  
  131  24:09  Brood Lord x2  
  124  24:30  Corruptor x2  
  124  24:31  Corruptor x2  
  128  24:32  Ultralisk x2  
  128  24:33  Zergling x6  
  128  24:35  Drone  
  128  24:37  Drone  
  149  24:39  Drone  
  150  24:55  Extractor  
Show
View Real Time Build Order
Export as new Build Order

Massa Terran - Winner!

Build Orders: Reaper Expand, Hellion Banshee 

Get SALT Encoding   

  12  0:00  SCV  
  13  0:18  SCV  
  13  0:19  Supply Depot  
  14  0:30  SCV  
  15  0:42  SCV  
  16  0:43  Barracks  
  16  0:49  Refinery  
  16  0:54  SCV  
  17  1:06  SCV  
  18  1:18  SCV  
  19  1:32  Orbital Command  
  19  1:38  Reaper  
  20  1:47  Command Center  
  20  1:57  SCV  
  21  2:09  SCV  
  21  2:12  Supply Depot  
  22  2:16  Factory  
  22  2:23  SCV  
  22  2:29  Barracks Reactor  
  23  2:36  SCV  
  24  2:50  SCV  
  25  2:54  Refinery  
  25  2:57  Supply Depot  
  25  3:01  Orbital Command  
  25  3:02  SCV  
  25  3:04  Hellion  
  28  3:08  Starport, Marine x2  
  30  3:19  SCV  
  31  3:26  Marine x2  
  33  3:29  Engineering Bay  
  33  3:31  SCV  
  34  3:38  Hellion  
  36  3:44  Marine x2  
  38  3:53  SCV x2  
  40  3:57  Missile Turret  
  40  4:01  Starport Tech Lab  
  40  4:05  SCV x2  
  40  4:09  Hellion x2  
  46  4:14  Barracks Tech Lab  
  46  4:27  SCV x2  
  46  4:30  Banshee, Hellion  
  53  4:31  Cloaking Field  
  53  4:37  Supply Depot  
  53  4:39  SCV  
  54  4:50  Hellion  
  54  4:52  SCV  
  51  5:18  Banshee  
  51  5:19  Stimpack  
  54  5:26  Barracks  
  54  5:28  Widow Mine x2  
  58  5:29  Barracks x2  
  58  5:41  Marauder  
  52  5:49  Widow Mine  
  56  5:50  Widow Mine  
  56  6:03  Marauder  
  58  6:22  SCV x2  
  58  6:24  Barracks Reactor, Barracks Tech Lab x2  
  62  6:25  Marauder  
  62  6:58  SCV, Marauder  
  62  7:06  SCV  
  62  7:08  Marauder  
  62  7:14  Supply Depot  
  62  7:17  Supply Depot x2  
  62  7:18  Missile Turret, Supply Depot  
  62  7:19  Supply Depot x2  
  62  7:20  Supply Depot x2  
  62  7:21  Terran Infantry Weapons Level 1  
  62  7:22  Command Center  
  62  7:24  Armory  
  62  7:28  Engineering Bay, Combat Shield  
  62  7:29  Concussive Shells  
  62  7:34  Refinery  
  62  7:35  Refinery, Marine x2  
  62  7:36  Marauder x2, Medivac  
  70  7:39  Widow Mine x2, Supply Depot  
  70  7:40  SCV x2  
  76  7:48  Marauder  
  78  7:52  SCV  
  78  7:53  Marine x2  
  78  7:57  Marauder  
  83  8:00  Widow Mine x2  
  87  8:06  Terran Infantry Armor Level 1  
  87  8:09  Marine x2  
  87  8:11  Marine x2  
  91  8:18  Marine  
  91  8:19  Medivac  
  94  8:22  Widow Mine x2  
  98  8:27  Marine x2  
  98  8:29  Marine x2  
  102  8:36  Marine  
  103  8:42  Supply Depot  
  103  8:43  Widow Mine x2, Supply Depot  
  103  8:45  Marine x2  
  103  8:46  Supply Depot  
  103  8:47  Marine x2, Supply Depot  
  103  8:48  Command Center  
  111  8:49  Medivac  
  111  8:54  Marine  
  114  9:02  Marine x2  
  114  9:08  Supply Depot  
  116  9:13  Marauder, Marine x2, Supply Depot  
  120  9:18  Raven  
  120  9:21  Marauder x2  
  126  9:31  Marine x2  
  126  9:33  Starport  
  126  9:35  Factory Tech Lab  
  88  9:56  Marauder x3, Marine x2  
  91  10:08  Siege Tank  
  94  10:14  Marine x2  
  94  10:17  Marauder x2, Marine  
  101  10:32  Marine  
  102  10:40  Siege Tank  
  99  10:59  Raven  
  89  11:23  Marauder x3, Marine x2  
  91  11:39  Medivac x2  
  95  11:40  Smart Servos, Siege Tank  
  95  11:41  Raven, Marine x2  
  95  11:45  Marauder x3  
  95  11:46  SCV  
  95  11:47  SCV x3  
  109  11:58  SCV  
  109  11:59  SCV x3, Marine  
  108  12:09  Marauder x3, Marine, Medivac x2  
  108  12:10  SCV  
  108  12:11  SCV  
  108  12:13  Planetary Fortress  
  108  12:15  SCV  
  122  12:17  Marine  
  123  12:23  Refinery  
  123  12:30  Marauder x2, Raven  
  123  12:34  Marine  
  123  12:35  Marine x2  
  132  12:39  Medivac  
  134  12:48  Liberator  
  137  12:51  Marine x2  
  137  12:52  Marine  
  137  12:53  Marine  
  141  12:59  Drilling Claws  
  141  13:00  Orbital Command  
  141  13:12  Refinery, SCV x3  
  144  13:20  Command Center  
  144  13:23  Liberator  
  144  13:24  SCV x3  
  150  13:31  Liberator  
  153  13:37  Viking  
  155  13:59  Terran Infantry Weapons Level 2  
  155  14:00  Fusion Core  
  155  14:06  Liberator  
  155  14:07  Viking  
  155  14:08  SCV x4  
  164  14:16  Viking  
  166  14:20  SCV x4  
  170  14:37  Viking  
  169  14:46  Viking  
  169  14:48  Marine  
  169  14:49  Marine x3  
  169  14:50  Marauder  
  171  14:54  Viking  
  173  15:02  Barracks x2  
  173  15:03  Barracks  
  173  15:05  Barracks x2  
  173  15:06  Marine x2, Siege Tank  
  173  15:07  Marauder, Marine, Viking  
  180  15:10  Orbital Command  
  180  15:13  SCV x2  
  185  15:16  Viking  
  187  15:24  Viking  
  107  16:15  Marauder  
  107  16:16  Marauder x2, Marine x2  
  112  16:21  Barracks Reactor x2, Barracks Tech Lab x3  
  98  16:34  Marine x2  
  98  16:37  Marauder x3  
  89  16:51  Marine  
  89  16:52  Marine  
  89  16:54  Siege Tank  
  94  16:56  Marauder x3  
  94  16:58  Marauder  
  94  16:59  Marauder x2, Raven, Medivac x2  
  112  17:04  SCV x2  
  112  17:05  Refinery x2, SCV x3  
  117  17:09  Marine x2  
  116  17:16  SCV  
  116  17:17  Advanced Ballistics, Marauder, Marine  
  116  17:19  Terran Vehicle And Ship Armor Level 1  
  116  17:20  Terran Infantry Weapons Level 3  
  120  17:24  Marauder x2  
  120  17:25  Marine x4  
  120  17:26  Marine x2, Siege Tank  
  120  17:29  Medivac x2  
  137  17:41  Raven  
  139  17:53  Marauder  
  139  17:54  Marauder x5, Marine x6  
  139  17:58  Siege Tank  
  160  17:59  Medivac x2  
  162  18:12  Marine x6  
  165  18:15  Marauder x3, Marine  
  173  18:24  Medivac  
  175  18:29  Viking x2  
  175  18:40  Marauder x3, Marine  
  175  18:41  Marauder, Siege Tank  
  176  18:49  SCV x5  
  176  18:54  Viking  
  183  19:13  Siege Tank  
  155  19:49  Marauder x5, Marine  
  155  19:50  Marauder  
  142  19:54  Viking x3  
  122  20:03  Marine x5  
  124  20:07  Marine  
  124  20:10  Marauder, Marine  
  124  20:11  Marauder x4, Command Center  
  124  20:14  Terran Vehicle And Ship Armor Level 2  
  136  20:15  Terran Infantry Armor Level 2  
  136  20:16  Hi-Sec Auto Tracking  
  136  20:21  Marine x5  
  137  20:24  Viking x3  
  137  20:25  Marine  
  145  20:28  Marine  
  145  20:31  Marine  
  145  20:32  Marine x4  
  139  20:38  Marine  
  139  20:39  Marine x2  
  131  20:54  Viking x3  
  129  21:23  Viking  
  129  21:24  Viking x2  
  127  21:37  Marauder x4, Marine  
  127  21:38  Marauder x2, Marine x5  
  143  21:40  Siege Tank  
  146  21:53  Viking  
  148  21:54  Viking x2  
  148  21:55  Marine  
  135  22:21  Marauder x4, Marine x5  
  132  22:23  Viking  
  132  22:24  Viking x2  
  138  22:40  Siege Tank  
  141  22:53  Viking  
  141  22:54  Viking x2  
  141  23:14  Marauder x3, Marine  
  141  23:15  Marauder x2  
  141  23:32  Marauder  
  140  23:35  Marauder  
  140  23:36  Marauder x2  
  135  23:44  Marauder x2, Marine x3  
  138  23:54  Marauder  
  140  23:57  Marauder  
  140  23:58  Marauder  
  140  23:59  Marauder  
  146  24:05  Marauder  
  146  24:07  Siege Tank  
  135  24:19  Marauder x2  
  139  24:39  Siege Tank  
Show
View Real Time Build Order
Export as new Build Order

Fckling Zerg 

Build Orders: Hatch First 

Get SALT Encoding   

  12  0:09  Overlord  
  13  0:14  Drone  
  13  0:18  Drone  
  14  0:27  Drone  
  15  0:34  Drone  
  17  0:42  Drone  
  17  0:53  Drone  
  18  1:03  Hatchery  
  17  1:08  Drone  
  18  1:19  Extractor, Drone  
  18  1:25  Spawning Pool  
  18  1:28  Drone  
  18  1:37  Drone  
  20  1:47  Drone  
  20  1:57  Overlord  
  21  2:08  Drone  
  21  2:14  Queen  
  23  2:17  Queen  
  23  2:18  Drone x2  
  27  2:26  Drone  
  27  2:28  Metabolic Boost  
  28  2:30  Drone  
  28  2:36  Drone  
  30  2:41  Drone  
  31  2:48  Drone  
  32  2:56  Overlord  
  32  2:59  Drone  
  32  3:01  Hatchery  
  32  3:03  Zergling x2  
  33  3:12  Zergling x4  
  35  3:20  Drone  
  35  3:26  Evolution Chamber  
  35  3:27  Queen, Evolution Chamber  
  35  3:28  Overlord  
  35  3:33  Queen  
  38  3:37  Overlord  
  38  3:51  Drone x3  
  38  3:55  Zerg Melee Weapons Level 1  
  41  4:00  Zerg Ground Armor Level 1  
  41  4:01  Zergling x2  
  41  4:02  Zergling x4  
  45  4:10  Drone x3  
  45  4:14  Zergling x6  
  49  4:19  Spine Crawler  
  48  4:32  Zergling x6  
  48  4:33  Zergling x6  
  54  4:38  Spine Crawler  
  47  4:59  Zergling x8  
  42  5:07  Overlord x2  
  42  5:13  Overlord x2  
  40  5:15  Spine Crawler  
  40  5:18  Drone x3  
  42  5:25  Drone x2  
  42  5:28  Lair  
  44  5:29  Drone x2  
  44  5:30  Drone x3  
  44  5:35  Spore Crawler  
  48  5:37  Spore Crawler  
  48  5:39  Drone  
  48  5:45  Drone x2, Spore Crawler  
  49  6:17  Zergling x6  
  49  6:18  Zergling x6  
  55  6:20  Spore Crawler  
  55  6:23  Queen  
  55  6:24  Overlord x2  
  56  6:29  Extractor, Spire  
  56  6:30  Extractor  
  56  6:31  Zergling x2  
  56  6:32  Zergling x2  
  54  6:45  Overseer  
  54  6:48  Zergling x12  
  59  7:01  Zergling x12  
  58  7:04  Queen  
  58  7:10  Drone  
  58  7:11  Drone x2  
  58  7:14  Drone, Extractor  
  56  7:18  Zergling x2  
  57  7:29  Drone x3  
  60  7:31  Pneumatized Carapace  
  60  7:33  Drone x2  
  62  7:39  Drone  
  63  7:49  Extractor  
  62  7:51  Zergling x2  
  62  7:52  Zergling x4  
  62  7:53  Spore Crawler  
  64  8:11  Overlord  
  64  8:12  Overlord x2  
  64  8:18  Hatchery  
  63  8:24  Zergling x6  
  63  8:25  Zergling x14  
  63  8:26  Zergling x2  
  74  8:28  Hatchery  
  74  8:29  Zerg Melee Weapons Level 2  
  74  8:30  Zerg Ground Armor Level 2  
  74  8:32  Zerg Flyer Weapons Level 1  
  73  8:36  Drone x2  
  73  8:39  Drone  
  76  8:53  Overlord  
  76  8:58  Zergling x8  
  76  8:59  Zergling x6  
  83  9:20  Drone  
  83  9:21  Drone x7  
  83  9:23  Queen  
  93  9:24  Extractor  
  80  9:50  Zergling x16  
  70  9:59  Queen  
  72  10:04  Zergling x2  
  72  10:05  Zergling x12  
  79  10:24  Zergling x2, Baneling Nest  
  79  10:25  Zergling x12  
  85  10:35  Infestation Pit  
  84  10:53  Zergling x12  
  84  10:54  Zergling x12  
  84  10:55  Zergling x4  
  98  11:09  Zergling x2  
  98  11:10  Zergling x16  
  107  11:12  Baneling x2  
  107  11:13  Baneling x7  
  107  11:14  Baneling x3  
  107  11:24  Zergling x12  
  107  11:25  Zergling x2  
  114  11:34  Centrifical Hooks  
  114  11:38  Hive  
  114  11:41  Overseer  
  114  11:43  Zergling x2  
  114  11:44  Zergling x6  
  118  11:50  Overlord x2  
  115  12:12  Baneling x2  
  115  12:13  Baneling x4  
  114  12:31  Spore Crawler, Corruptor x5  
  114  12:32  Spore Crawler, Corruptor  
  124  12:38  Spore Crawler  
  124  12:39  Overlord x2  
  124  12:40  Spore Crawler  
  124  12:42  Drone x7  
  124  12:43  Drone x2  
  131  12:55  Greater Spire  
  131  12:56  Drone x3  
  131  12:57  Drone x2  
  135  13:03  Baneling x3  
  135  13:04  Baneling x2  
  135  13:12  Corruptor x2  
  139  13:25  Overlord x3  
  139  13:26  Spine Crawler  
  136  13:30  Extractor x2  
  136  13:32  Adrenal Glands  
  134  13:37  Corruptor  
  134  13:40  Drone x2, Ultralisk Cavern  
  137  13:42  Drone  
  137  13:43  Drone  
  137  13:45  Drone x2  
  142  13:48  Drone x2  
  142  13:49  Drone  
  144  14:09  Spine Crawler  
  143  14:10  Overlord  
  143  14:13  Zerg Flyer Armor Level 1  
  143  14:23  Spine Crawler  
  142  14:25  Spore Crawler  
  142  14:27  Spore Crawler  
  140  14:31  Corruptor x3  
  140  14:32  Corruptor x3  
  140  14:35  Spore Crawler  
  140  14:36  Spore Crawler  
  150  14:52  Corruptor x5  
  154  14:56  Baneling x5  
  154  14:57  Baneling x2  
  160  15:09  Brood Lord x3  
  134  15:42  Corruptor  
  134  15:43  Corruptor x7  
  134  15:44  Corruptor  
  115  16:06  Zergling x2  
  115  16:07  Zergling x32  
  98  16:56  Corruptor x6  
  110  17:08  Hatchery, Overseer  
  109  17:14  Baneling x3  
  109  17:19  Zerg Melee Weapons Level 3  
  109  17:27  Zerg Ground Armor Level 3  
  109  17:33  Drone x2  
  104  17:57  Ultralisk  
  102  18:15  Zergling x18  
  97  18:31  Brood Lord x2  
  93  18:56  Brood Lord  
  93  18:57  Brood Lord  
  97  19:09  Drone x4  
  101  19:22  Overseer  
  88  19:49  Corruptor x3  
  88  19:50  Corruptor x2  
  82  20:36  Corruptor x4  
  72  21:04  Corruptor  
  72  21:05  Corruptor x3  
  56  21:25  Spawning Pool  
  56  21:30  Drone x5  
  56  21:31  Drone  
  61  21:38  Chitinous Plating  
  61  21:57  Hatchery  
  44  22:29  Ultralisk x4  
  68  22:34  Ultralisk  
  74  22:50  Drone x3  
  77  22:52  Drone x3  
  54  23:30  Zergling x2  
  54  23:31  Zergling x26  
  43  24:14  Overseer x2  
  42  24:26  Ultralisk x4  
  66  24:34  Drone  
  66  24:35  Drone x2  
  69  24:51  Extractor  
  68  24:54  Drone x4  
Show
View Real Time Build Order
Export as new Build Order

Meglomaniac Terran 

Build Orders: 2 Factory, Gas First Reaper Expand, Mech 

Get SALT Encoding   

  12  0:00  SCV  
  13  0:12  SCV  
  14  0:19  Supply Depot  
  14  0:25  SCV  
  15  0:29  Refinery  
  15  0:41  SCV  
  16  0:46  Barracks  
  16  0:53  SCV  
  17  1:05  SCV  
  18  1:17  SCV  
  19  1:36  Reaper, Orbital Command  
  20  1:54  Command Center  
  20  2:05  SCV  
  21  2:11  Factory  
  21  2:12  Barracks Reactor  
  21  2:15  Refinery  
  21  2:17  SCV  
  22  2:25  Supply Depot  
  22  2:30  SCV  
  23  2:46  SCV  
  24  2:56  Factory  
  24  2:58  SCV  
  24  2:59  Barracks Tech Lab  
  24  3:02  Hellion x2  
  29  3:12  Orbital Command  
  29  3:14  SCV  
  30  3:25  Hellion  
  30  3:26  SCV  
  33  3:27  Hellion  
  35  3:37  SCV  
  35  3:38  SCV  
  37  3:44  Supply Depot  
  37  3:46  Cyclone  
  40  3:48  Infernal Pre-Igniter  
  40  3:52  SCV  
  40  3:55  SCV  
  42  4:03  Hellion  
  42  4:04  Hellion  
  42  4:06  SCV  
  47  4:11  Supply Depot  
  47  4:18  SCV  
  48  4:25  Hellion x2  
  54  4:31  Hellion  
  54  4:39  SCV  
  54  4:41  Supply Depot  
  55  4:46  Hellion  
  55  4:47  Hellion  
  55  4:49  Factory  
  56  4:54  Hellion  
  56  5:07  Hellion  
  56  5:08  Hellion  
  56  5:10  SCV x2  
  56  5:13  Refinery x2  
  62  5:22  SCV x2  
  62  5:26  Supply Depot  
  64  5:34  SCV x2  
  62  5:40  Cyclone  
  62  5:46  SCV  
  62  5:49  Engineering Bay  
  59  5:54  Factory Tech Lab  
  59  6:00  Widow Mine x2  
  61  6:07  Supply Depot  
  58  6:17  Missile Turret  
  56  6:18  Cyclone  
  56  6:22  Widow Mine x2  
  56  6:39  SCV x2  
  55  6:49  Missile Turret  
  54  7:00  SCV  
  54  7:01  SCV  
  55  7:03  Siege Tank  
  55  7:04  Command Center, Siege Tank  
  59  7:13  SCV x2  
  61  7:25  SCV x2  
  63  7:37  SCV x2  
  65  7:49  SCV x2  
  67  8:00  Siege Tank x2  
  67  8:01  SCV  
  67  8:05  Armory  
  74  8:27  SCV  
  74  8:30  SCV x2  
  74  8:34  Missile Turret  
  77  8:37  Siege Tank x2  
  77  8:38  Hellion x2  
  77  8:39  SCV  
  88  8:42  SCV x2  
  90  8:51  SCV  
  92  9:02  SCV  
  92  9:03  SCV  
  92  9:07  Supply Depot  
  92  9:09  Supply Depot x2  
  93  9:10  Siege Tank  
  93  9:11  Siege Tank  
  99  9:19  Factory x2  
  99  9:20  Barracks Tech Lab  
  83  9:49  Hellion x4  
  65  10:04  Factory Tech Lab  
  65  10:10  Hellion  
  65  10:11  Hellion x3  
  73  10:14  Siege Tank  
  78  10:28  Hellion  
  78  10:32  Hellion x2, Siege Tank x2  
  88  10:47  Hellion  
  90  10:50  Hellion  
  76  11:04  Siege Tank x2  
  76  11:07  Hellion  
  76  11:08  Siege Tank  
  76  11:11  Siege Tank  
  84  11:26  Hellion  
  84  11:28  Hellion  
  88  11:36  Siege Tank x2  
  94  11:40  Siege Tank  
  94  11:43  Siege Tank  
  98  12:06  Hellion x2  
  105  12:08  Siege Tank x2  
  105  12:12  Siege Tank  
  105  12:15  Siege Tank  
  114  12:19  Planetary Fortress  
  114  12:22  SCV x2  
  116  12:27  Hellion  
  118  12:34  SCV  
  119  12:40  Siege Tank x2  
  125  12:48  Refinery  
  125  12:49  Refinery  
  125  12:52  Supply Depot x2  
  125  13:13  Thor  
  125  13:14  SCV x3, Armory, Siege Tank  
  125  13:16  Armory  
  125  13:17  Terran Vehicle Weapons Level 1  
  137  13:26  SCV x3  
  140  13:34  Supply Depot  
  140  13:35  Supply Depot  
  140  13:38  SCV  
  141  13:56  SCV x2, Hellion x3  
  141  13:57  Hellion  
  141  14:00  Thor  
  157  14:07  Thor, Supply Depot  
  163  14:10  Supply Depot  
  163  14:26  Command Center, Supply Depot  
  154  14:48  Thor x3  
  126  15:58  Hellion x2  
  126  15:59  Hellion x3  
  124  16:19  Hellion  
  124  16:20  Hellion x3  
  118  16:41  Hellion x4  
  126  16:50  Factory  
  126  16:53  Planetary Fortress  
  126  16:54  Factory  
  126  16:57  Factory  
  123  17:02  Hellion  
  123  17:03  Hellion x3  
  131  17:15  Factory  
  131  17:17  Factory  
  131  17:22  Refinery  
  131  17:23  Hellion  
  131  17:24  Hellion x3  
  131  17:27  Refinery  
  136  17:46  Hellion x2  
  103  18:52  Siege Tank x2  
  103  19:01  Factory Tech Lab x3  
  103  19:06  Factory  
  103  19:07  Missile Turret  
  103  19:08  Factory  
  103  19:09  Missile Turret  
  103  19:11  Terran Vehicle Weapons Level 2, Missile Turret  
  103  19:12  Terran Vehicle And Ship Armor Level 1  
  103  19:14  Missile Turret  
  100  19:24  Siege Tank x2  
  100  19:30  Hellion x3  
  100  19:31  Hellion x2  
  98  19:51  Hellion x2  
  98  19:52  Hellion, Siege Tank x2  
  110  19:56  Siege Tank x2  
  110  20:13  Siege Tank  
  113  20:24  Siege Tank x2  
  119  20:28  Siege Tank  
  119  20:29  Siege Tank  
  112  20:45  Command Center, Thor  
  110  20:56  Thor x2  
  122  21:00  Siege Tank  
  122  21:01  Siege Tank  
  122  21:02  Hellion x2  
  119  21:23  Hellion  
  115  21:27  Thor  
  115  21:32  Thor  
  124  21:53  Thor x2  
  113  22:17  Thor x2  
  119  22:25  Orbital Command  
  119  22:38  Thor  
  124  22:55  Hellion x2  
  124  22:56  Hellion x2  
  131  23:00  Hellion  
  126  23:08  Thor  
  106  23:26  Thor  
  99  23:57  Thor  
  95  24:03  Hellion x6  
  95  24:10  Hellion  
  95  24:24  Hellion, Thor  
  91  24:53  Hellion x3  
  91  24:54  Hellion x2  
Tags
 
Add a new tag
Caveats
  • Supply blocks, unpowered buildings, or Contaminate may cause inaccurate times.
  • Supply counts are checked every 10 seconds.